AoeStats
← Crazy_Owl

MegaRandom

506875781Analyzed
1v1 RM · 17d ago on Sep 15, 2026· 60m 10s· 2 players
Game mode
Random Map
Map size
Tiny (2 player)
Population
200
Speed
Normal
Resources
Standard
Victory
Conquest
Starting age
Dark Age
Ending age
Imperial Age
RankedLock teamsTeams togetherTeam positionsShared explorationLock speedFull tech treeHidden civsTurbo modeCheats
Victory
Defeat
🇳🇱 Goths · Netherlands
876
+16
🇬🇧 Wei · United Kingdom
872
-16
grizz_brit
2:12 Loom
13:34 Feudal Age
14:38 Double-Bit Axe
14:34 Horse Collar
14:56 Gold Mining
20:07 Castle Age
19:37 Scale Barding Armor
19:35 Stone Mining
21:31 Wheelbarrow
21:09 Bow Saw
21:59 Forging
22:03 Town Watch
22:51 Husbandry
24:37 Chain Barding Armor
25:07 Heavy Plow
25:37 Fishing Lines
27:58 Iron Casting
27:36 Bloodlines
30:20 Gold Shaft Mining
33:45 Imperial Age
33:24 Hand Cart
34:03 Stone Shaft Mining
38:59 Fletching
39:41 Bodkin Arrow
40:47 Blast Furnace
41:14 Conscription
40:53 Murder Holes
41:19 Ballistics
42:37 Chemistry
42:10 Bracer
41:34 Heavy Hei Guang Cavalry
46:07 Light Cavalry
47:11 Guard Tower
49:04 Keep
48:40 Masonry
48:53 Elite Tiger Cavalry
52:36 Padded Archer Armor
52:46 Elite Skirmisher
58:27 Treadmill Crane
Crazy_Owl
13:29 Feudal Age
13:55 Double-Bit Axe
13:54 Horse Collar
14:47 Man-at-Arms
16:11 Wheelbarrow
18:02 Wheelbarrow
19:05 Fishing Lines
21:21 Loom
25:01 Castle Age
23:28 Scale Mail Armor
23:19 Fletching
23:40 Forging
26:17 Pikeman
27:18 Chain Mail Armor
27:39 Iron Casting
28:56 Heavy Plow
30:31 Bow Saw
31:10 Squires
33:31 Long Swordsman
34:35 Gold Mining
37:02 Hand Cart
38:06 Anarchy
40:44 Imperial Age
42:09 Conscription
41:14 Elite Huskarl
41:17 Two-Handed Swordsman
41:18 Halberdier
53:05 Blast Furnace
52:01 Bodkin Arrow
54:54 Champion
56:36 Elite Skirmisher
60:20 Bracer
60:21 Padded Archer Armor
Connection lost

Rejoining the realm…

Still unreachable

The connection could not be restored.

Session expired

The server has moved on; the page needs a fresh start.